 Dungeon Sprint DCSS version 0.31-a0-532-g28f74ba3e5 (webtiles) character file.

Game seed: 10644186793661384722

1780 dialectric the Imperceptible (level 8, -6/43 HPs)
             Began as a Spriggan Brigand on Aug 12, 2023.
             Was an Initiate of Ru.
             Mangled by a deep troll (14 damage)
             ... in the Dungeon (Sprint I: "Red Sonja").
             The game lasted 00:02:24 (441 turns).

dialectric the Imperceptible (Spriggan Brigand)      Turns: 441, Time: 00:02:25

Health: -6/43      AC:  3    Str:  7    XL:     8   Next: 81%
Magic:  9/9        EV: 20    Int: 12    God:    Ru [......]
Gold:   513        SH:  0    Dex: 19    Spells: 3/7 levels left

rFire   . . .        a - +2 dagger
rCold   . . .        (no shield)
rNeg    . . .        b - +0 robe
rPois   .            (helmet restricted)
rElec   .            c - +0 cloak
rCorr   .            (gloves unavailable)
SInv    +            (boots unavailable)
Will    +....        (no amulet)
Stlth   +++++++++    (no ring)
HPRegen 0.27/turn    (no ring)
MPRegen 0.11/turn

%: no teleportation
@: very quick
A: very small, no large weapons, unfitting armour, see invisible, speed 3
a: Renounce Religion


You were in the Dungeon.
You worshipped Ru.
Ru was noncommittal.
You visited 1 branch You collected 513 gold pieces.

Inventory:

Hand Weapons
 a - a +2 dagger (weapon)
Missiles
 d - 9 poisoned darts
 e - 2 curare-tipped darts (quivered)
Armour
 b - a +0 robe (worn)
 c - a +0 cloak (worn)
Wands
 l - a wand of iceblast (7)
Scrolls
 k - a scroll of blinking
 m - a scroll of poison {unknown}
Potions
 f - a potion of curing
 g - a potion of heal wounds
 h - a potion of haste
 i - 2 potions of magic
 j - a potion of berserk rage


   Skills:
 + Level 5.0 Fighting
 + Level 6.7 Short Blades
 - Level 3.5 Throwing
 + Level 5.0 Dodging
 + Level 25.3 Stealth
 + Level 2.3 Evocations


You had 3 spell levels left.
You knew the following spells:

 Your Spells              Type           Power      Damage    Failure   Level
a - Airstrike             Air            0%         2d(0-16)  97%         4

Your spell library contained the following spells:

 Spells                   Type           Power      Damage    Failure   Level
 Static Discharge         Conj/Air       0%         2-2/arc   45%         2
 Summon Lightning Spire   Summ/Air       0%         N/A       97%         4


Dungeon Overview and Level Annotations

Branches:
Dungeon (1/1)

Altars:
Cheibriados
Dithmenos
Elyvilon
Fedhas
Gozag
Hepliaklqana
Kikubaaqudgha
Makhleb
Nemelex Xobeh
Okawaru
Qazlal
Ru
Sif Muna
Trog
Uskayaw
Vehumet
Wu Jian
Xom
Yredelemnul
Zin
The Shining One
Jiyva
Lugonu

Shops:
D !


Innate Abilities, Weirdness & Mutations

You are very small and have problems with some larger weapons.
You are too small for most types of armour.
You have supernaturally acute eyesight. (SInv)
You cover ground extremely quickly. (Speed+++)


Message History

The curare-tipped dart hits the kobold demonologist.
The kobold demonologist is poisoned.
The kobold demonologist convulses.
The kobold demonologist seems to slow down.
The kobold demonologist is severely wounded.
The kobold demonologist gestures wildly while chanting.
Unknown command.
Throw: 5 darts (curare)
Press: ? - help, Q - select action, (/) - cycle Shift-Dir - straight line, f/p - kobold demonologist
Aim: a kobold demonologist, wielding a +3 dagger and wearing a +0 robe (severely wounded, very poisoned, slow, 51% to hit)
You throw a curare-tipped dart.
The curare-tipped dart hits the kobold demonologist.
The kobold demonologist looks as sick as possible!
The kobold demonologist convulses.
The kobold demonologist seems to be slow for longer.
The kobold demonologist is almost dead.
Unknown command.
Unknown command.
Throw: 4 darts (curare)
Press: ? - help, Q - select action, (/) - cycle Shift-Dir - straight line, f/p - kobold demonologist
Aim: a kobold demonologist, wielding a +3 dagger and wearing a +0 robe (almost dead, extremely poisoned, slow, 51% to hit)
You throw a curare-tipped dart.
The curare-tipped dart completely misses the kobold demonologist.
The curare-tipped dart closely misses the deep troll.
You kill the kobold demonologist!
The neqoxec disappears in a puff of smoke!
Your Fighting skill increases to level 5!
Your Dodging skill increases to level 5!
Your Stealth skill increases to level 25!
Throw: 3 darts (curare)
Press: ? - help, Q - select action, (/) - cycle Shift-Dir - straight line, f - deep troll
Aim: a deep troll (62% to hit)
You throw a curare-tipped dart.
The curare-tipped dart hits the deep troll.
The deep troll is poisoned.
The deep troll convulses.
The deep troll seems to slow down.
The deep troll is lightly wounded.
The deep troll bites you! The deep troll claws you!
* * * LOW HITPOINT WARNING * * *
The deep troll claws you!
You die...

#..#####'#####'#__####...ss.#
#..####..#...#.####:[#####..+
#).#__####.)##.#§~~.c# +##
#..#_____##'#_.§§§§..'
#⌠⌠#_.∩..÷[...§#~§§.c#
####_..__##_.#'##+###
#_____###'#|#
#########.####§###
+...@T..$(+ #.).####### ##.##
#+#


You could see a deep troll (very poisoned, slow).

Vanquished Creatures
  Sonja (D)
  2 kobold demonologists (D)
  A slime creature (D)
  Sigmund (D)
  A yak (D)
  A floating eye (D)
  An ogre (D)
  A jelly (D)
  Ijyb (D)
10 creatures vanquished.

Notes
Turn   | Place    | Note
-------+----------+-------------------------------------------
     0 | D        | dialectric the Spriggan Brigand began the quest for the
                  | Orb.
     0 | D        | Reached XP level 1. HP: 10/10 MP: 2/2
     5 | D        | Noticed Ijyb
     7 | D        | Killed Ijyb
     8 | D        | Reached skill level 9 in Stealth
     8 | D        | Reached XP level 2. HP: 15/15 MP: 3/3
    11 | D        | Noticed an ogre
    27 | D        | Killed an ogre
    28 | D        | Reached skill level 13 in Stealth
    28 | D        | Reached XP level 3. HP: 19/19 MP: 4/4
    28 | D        | Reached XP level 4. HP: 23/23 MP: 5/5
    50 | D        | Noticed Sigmund
    53 | D        | Killed Sigmund
    54 | D        | Reached skill level 17 in Stealth
    54 | D        | Reached XP level 5. HP: 28/28 MP: 6/6
    54 | D        | Reached XP level 6. HP: 32/32 MP: 7/7
    66 | D        | Found a shimmering blue altar of Sif Muna.
    67 | D        | Found an ornate altar of the Wu Jian Council.
    68 | D        | Found a radiant altar of Vehumet.
   105 | D        | Learned a level 4 spell: Airstrike
   107 | D        | Found Sybb's Distillery.
   107 | D        | Found an ancient bone altar of Kikubaaqudgha.
   107 | D        | Found a stormy altar of Qazlal.
   107 | D        | Found a blossoming altar of Fedhas.
   107 | D        | Found a bloodstained altar of Trog.
   107 | D        | Found an iron altar of Okawaru.
   107 | D        | Found a glowing golden altar of the Shining One.
   107 | D        | Found a glowing silver altar of Zin.
   107 | D        | Found a white marble altar of Elyvilon.
   107 | D        | Noticed a yak
   108 | D        | Found a hazy altar of Hepliaklqana.
   108 | D        | Found a hide-covered altar of Uskayaw.
   108 | D        | Found a basalt altar of Yredelemnul.
   108 | D        | Found an opulent altar of Gozag.
   108 | D        | Found a snail-covered altar of Cheibriados.
   108 | D        | Found a sacrificial altar of Ru.
   108 | D        | Found a shadowy altar of Dithmenos.
   109 | D        | Killed a yak
   110 | D        | Reached skill level 19 in Stealth
   110 | D        | Found a sparkling altar of Nemelex Xobeh.
   117 | D        | Became a worshipper of Ru the Awakened
   132 | D        | Found a burning altar of Makhleb.
   132 | D        | Found a shimmering altar of Xom.
   132 | D        | Noticed a slime creature
   133 | D        | Found a viscous altar of Jiyva.
   133 | D        | Found a corrupted altar of Lugonu.
   135 | D        | Killed a slime creature
   136 | D        | Reached skill level 5 in Short Blades
   136 | D        | Reached skill level 20 in Stealth
   136 | D        | Reached XP level 7. HP: 37/37 MP: 8/8
   148 | D        | Noticed a kobold demonologist
   149 | D        | Noticed a kobold demonologist
   152 | D        | Noticed a rust devil
   160 | D        | Noticed a neqoxec
   188 | D        | Killed a kobold demonologist
   189 | D        | Reached skill level 22 in Stealth
   189 | D        | Reached skill level 1 in Evocations
   308 | D        | Paralysed by a floating eye for 2 turns
   322 | D        | Noticed a centaur warrior
   334 | D        | Noticed a demonic crawler
   334 | D        | Noticed a demonic crawler
   334 | D        | Noticed a demonic crawler
   334 | D        | Noticed a demonic crawler
   353 | D        | Noticed a centaur warrior
   358 | D        | Noticed Sonja
   362 | D        | Killed Sonja
   363 | D        | Reached skill level 24 in Stealth
   363 | D        | Reached XP level 8. HP: 15/42 MP: 9/9
   427 | D        | Noticed a deep troll
   440 | D        | Killed a kobold demonologist
   441 | D        | Reached skill level 5 in Fighting
   441 | D        | Reached skill level 5 in Dodging
   441 | D        | Reached skill level 25 in Stealth
   441 | D        | Mangled by a deep troll

Illustrated notes

Levels and vault maps discovered:
D:        dungeon_sprint_1 [red_sonja_temple_1, red_sonja_temple_small_1]

Skill      XL: |  1  2  3  4  5  6  7  8 |
---------------+-------------------------+-----
Fighting       | 2 3 4 5 |  5.0
Stealth        | 9 13 17 20 24 25 | 25.3
Short Blades   | 3 4 5 6 |  6.7
Throwing       | 3 |  3.5
Dodging        | 2 3 4 5 |  5.0
Evocations     | 2 |  2.3

Action                     |  1- 3 |  4- 6 |  7- 9 || total
---------------------------+-------+-------+-------++-------
  Melee: Dagger            |     1 |     4 |    24 ||    29
         Punch             |       |       |     1 ||     1
  Throw: Dart              |     4 |       |     5 ||     9
  Evoke: Wand              |       |       |     2 ||     2
   Stab: Sleeping          |     1 |     4 |     1 ||     6
  Dodge: Dodged            |       |       |    10 ||    10

Table legend: (Time is in decaauts)
 A = Elapsed time spent in this place.
 B = Non-inter-level travel time spent in this place.
 C = Inter-level travel time spent in this place.
 D = Time resting spent in this place.
 E = Time spent auto-exploring this place.
 F = Levels seen in this place.
 G = Mean time per level.
                   A        B        C        D        E       F      G
               +--------+--------+--------+--------+--------+-----+--------+
         Total |    362 |    362 |      0 |    170 |     16 |   1 |  362.0 |
       Dungeon |    362 |    362 |      0 |    170 |     16 |   1 |  362.0 |
               +--------+--------+--------+--------+--------+-----+--------+

Top non-repeatable levels by time:
       D: 362 daAuts
